 Dungeon Crawl Stone Soup version 0.31-a0-1338-gb567cfdca4 (console) character file.

Game seed: 10235864062009433913

170 jejorda2 the Chopper (level 5, -2/47 HPs)
             Began as a Gnoll Berserker on Dec 22, 2023.
             Was a Believer of Trog.
             Slain by a gnoll
             ... wielding a +0 whip
             ... led by a gnoll bouda
              (4 damage)
             ... on level 3 of the Dungeon.
             The game lasted 00:03:09 (1538 turns).

jejorda2 the Chopper (Gnoll Berserker)              Turns: 1538, Time: 00:03:09

Health: -2/47      AC:  9    Str: 24    XL:     5   Next: 51%
Magic:  0/7        EV: 11    Int:  6    God:    Trog [**....]
Gold:   92         SH:  0    Dex: 12    Spells: 7/7 levels left

rFire   . . .        a - +0 hand axe
rCold   . . .        (no shield)
rNeg    . . .        c - +0 scale mail
rPois   .            j - +0 helmet
rElec   .            l - +0 cloak
rCorr   .            (no gloves)
SInv    .            (no boots)
Will    .....        (no amulet) Stlth
                     n - +6 ring of strength
HPRegen 0.27/turn    (no ring)
MPRegen 0.10/turn

%: no passive effects
@: on berserk cooldown, slowed, very slow
A: fangs 1, strong nose, distributed training
a: Renounce Religion, Berserk, Trog's Hand


You were on level 3 of the Dungeon.
You worshipped Trog.
Trog was pleased with you.
You visited 1 branch of the dungeon, and saw 3 of its levels.

You collected 92 gold pieces.

Inventory:

Hand Weapons
 a - a +0 hand axe (weapon)
 m - a +0 flail
Missiles
 q - 6 poisoned darts
Armour
 c - a +0 scale mail (worn)
 j - a +0 helmet (worn)
 l - a +0 cloak (worn)
Jewellery
 n - a +6 ring of strength (left hand)
Scrolls
 b - 2 scrolls of identify {unknown}
 e - a scroll of blinking {unknown}
 g - a scroll of vulnerability {unknown}
 i - a scroll of enchant weapon {unknown}
 k - 2 scrolls of fog {unknown}
 o - a scroll of brand weapon {unknown}
Potions
 d - a potion of enlightenment {unknown}
 f - a potion of attraction {unknown}
 h - a potion of haste {unknown}
 p - a potion of mutation {unknown}


   Skills:
 + Level 6.7 Fighting
 + Level 1.6 Short Blades
 + Level 1.6 Long Blades
 + Level 6.7 Axes
 + Level 1.6 Maces & Flails
 + Level 1.6 Polearms
 + Level 1.6 Staves
 + Level 1.6 Ranged Weapons
 + Level 1.6 Throwing
 + Level 4.8 Armour
 + Level 4.8 Dodging
 + Level 1.6 Stealth
 + Level 1.6 Shields
 + Level 1.6 Unarmed Combat
 + Level 1.6 Spellcasting
 + Level 1.2 Conjurations
 + Level 1.2 Hexes
 + Level 1.2 Summonings
 + Level 1.2 Necromancy
 + Level 1.2 Translocations
 + Level 1.2 Fire Magic
 + Level 1.2 Ice Magic
 + Level 1.2 Air Magic
 + Level 1.2 Earth Magic
 + Level 1.2 Alchemy
 + Level 1.8 Invocations
 + Level 1.6 Evocations
 + Level 1.4 Shapeshifting


You had 7 spell levels left.
You didn't know any spells.
Your spell library was empty.

Dungeon Overview and Level Annotations

Branches:
Dungeon (3/15)

Altars:


Innate Abilities, Weirdness & Mutations

You have very sharp teeth.
Your uncanny sense of smell can sniff out nearby items.
Your experience applies equally to all skills.


Message History

You hit the gnoll.
The gnoll is moderately wounded.
You hit the gnoll.
The gnoll is heavily wounded.
The gnoll barely misses you.
The gnoll hits you from afar with a +1 antimagic halberd!
* * * LOW HITPOINT WARNING * * *
You feel your power leaking away.
You slash the gnoll!
You kill the gnoll!
Trog accepts your kill. The gnoll barely misses you.
You closely miss the ball python. You slash the ball python!
You kill the ball python!
Trog accepts your kill.
The gnoll hits you from afar with a +1 antimagic halberd!
* * * LOW HITPOINT WARNING * * *
You slash the kobold!
You kill the kobold!
Trog accepts your kill. The gnoll closely misses you.
You slice the gnoll!!
You kill the gnoll!
Trog accepts your kill.
You are no longer berserk.
You are exhausted.
You feel yourself slow down. The gnoll barely misses you.
The gnoll hits you but does no damage. The rat barely misses you.
The gnoll hits you with a +0 whip.
* * * LOW HITPOINT WARNING * * *
The gnoll barely misses you.
Items here: ))) ††.
You barely miss the gnoll. You hit the gnoll but do no damage. You hit the rat.
You kill the rat!
Trog accepts your kill.
The gnoll hits you but does no damage. x2
You barely miss the gnoll. You hit the gnoll. The gnoll misses you.
The gnoll hits you with a +0 whip.
You die...

#.###+### ∆ #....... ∆ #......#
#......###### ##.....#....# ..
#...........# ...
...#########g..........####
....#........))@g.)...........#
.K.#.##########†.....###...#.##
.. gg.......g.gg................
..g.#.#######.g.......####[...##
#>........g.r..................
#.#.).S.......##.###########
#.####......##......#
##.#...##......##......#
~~~~~~~...<8..8..##......#####


You could see 2 gnolls.

Vanquished Creatures
  A gnoll bouda (D:3)
  Robin (D:2)
  3 gnolls (D:3)
  5 adders
  A dart slug (D:2)
  2 endoplasms
  3 giant cockroaches
  10 goblins
  9 hobgoblins
  6 kobolds
  4 ball pythons
  2 bats
  5 frilled lizards
  7 rats
59 creatures vanquished.

Notes
Turn   | Place    | Note
-------+----------+-------------------------------------------
     0 | D:1      | jejorda2 the Gnoll Berserker began the quest for the Orb.
     0 | D:1      | Reached XP level 1. HP: 23/23 MP: 1/1
   151 | D:1      | Reached XP level 2. HP: 29/29 MP: 2/2
   655 | D:2      | Noticed Robin
   663 | D:2      | Reached skill level 1 in Invocations
   663 | D:2      | Reached XP level 3. HP: 35/35 MP: 2/4
   668 | D:2      | Killed Robin
   669 | D:2      | Reached skill level 1 in Short Blades
   669 | D:2      | Reached skill level 1 in Long Blades
   669 | D:2      | Reached skill level 1 in Maces & Flails
   669 | D:2      | Reached skill level 1 in Polearms
   669 | D:2      | Reached skill level 1 in Staves
   669 | D:2      | Reached skill level 1 in Ranged Weapons
   669 | D:2      | Reached skill level 1 in Throwing
   669 | D:2      | Reached skill level 1 in Stealth
   669 | D:2      | Reached skill level 1 in Shields
   669 | D:2      | Reached skill level 1 in Unarmed Combat
   669 | D:2      | Reached skill level 1 in Spellcasting
   669 | D:2      | Reached skill level 1 in Evocations
   671 | D:2      | Reached ** piety under Trog
   798 | D:2      | Reached skill level 1 in Shapeshifting
   798 | D:2      | Reached XP level 4. HP: 36/41 MP: 5/5
   906 | D:2      | Reached skill level 1 in Conjurations
   906 | D:2      | Reached skill level 1 in Hexes
   906 | D:2      | Reached skill level 1 in Summonings
   906 | D:2      | Reached skill level 1 in Necromancy
   906 | D:2      | Reached skill level 1 in Translocations
   906 | D:2      | Reached skill level 1 in Fire Magic
   906 | D:2      | Reached skill level 1 in Ice Magic
   906 | D:2      | Reached skill level 1 in Air Magic
   906 | D:2      | Reached skill level 1 in Earth Magic
   906 | D:2      | Reached skill level 1 in Alchemy
  1410 | D:3      | Identified the +7 sling of the Living Dead {freeze, rPois
                  | rN+ Will-}
  1524 | D:3      | Reached XP level 5. HP: 44/47 MP: 7/7
  1536 | D:3      | HP: 1/47 [gnoll/+0 whip[a gnoll bouda] (5)]
  1538 | D:3      | Slain by a gnoll

Illustrated notes

Levels and vault maps discovered:
D:1:      lightli_arrival_noodles, layout_basic
D:2:      layout_loops_ring, uniq_robin
D:3:      wander_river, layout_basic

Skill      XL: |  1  2  3  4 |
---------------+-------------+-----
Invocations    | 1 |  1.8
Short Blades   | 1 |  1.6
Long Blades    | 1 |  1.6
Maces & Flails | 1 |  1.6
Polearms       | 1 |  1.6
Staves         | 1 |  1.6
Ranged Weapons | 1 |  1.6
Throwing       | 1 |  1.6
Stealth        | 1 |  1.6
Shields        | 1 |  1.6
Unarmed Combat | 1 |  1.6
Spellcasting   | 1 |  1.6
Evocations     | 1 |  1.6
Shapeshifting  | 1 |  1.4
Conjurations   | 1 |  1.2
Hexes          | 1 |  1.2
Summonings     | 1 |  1.2
Necromancy     | 1 |  1.2
Translocations | 1 |  1.2
Fire Magic     | 1 |  1.2
Ice Magic      | 1 |  1.2
Air Magic      | 1 |  1.2
Earth Magic    | 1 |  1.2
Alchemy        | 1 |  1.2
Fighting       | |  6.7
Axes           | |  6.7
Armour         | |  4.8
Dodging        | |  4.8

Action                     |  1- 3 |  4- 6 || total
---------------------------+-------+-------++-------
  Melee: Hand axe          |    77 |    93 ||   170
         Bite              |     6 |     7 ||    13
         Punch             |       |     2 ||     2
 Invoke: Berserk           |     1 |     1 ||     2
 Armour: Scale mail        |    57 |    64 ||   121
  Dodge: Dodged            |    35 |    66 ||   101

Table legend: (Time is in decaauts)
 A = Elapsed time spent in this place.
 B = Non-inter-level travel time spent in this place.
 C = Inter-level travel time spent in this place.
 D = Time resting spent in this place.
 E = Time spent auto-exploring this place.
 F = Levels seen in this place.
 G = Mean time per level.
                   A        B        C        D        E       F      G
               +--------+--------+--------+--------+--------+-----+--------+
         Total |   1550 |   1444 |    106 |     46 |   1027 |   3 |  516.7 |
       Dungeon |   1550 |   1444 |    106 |     46 |   1027 |   3 |  516.7 |
               +--------+--------+--------+--------+--------+-----+--------+

Top non-repeatable levels by time:
     D:2: 671 daAuts
     D:1: 634 daAuts
     D:3: 244 daAuts
